 Dungeon Crawl Stone Soup version 0.29.0-4-gdea44cf6ec (webtiles) character file.

Game seed: 327884060491432673

7 qw the Firebug (level 2, -1/22 HPs)
             Began as a Ghoul Fire Elementalist on Aug 29, 2022.
             Slain by a kobold
             ... wielding a +0 short sword
              (4 damage)
             ... on level 1 of the Dungeon.
             The game lasted 00:00:22 (596 turns).

qw the Firebug (Ghoul Fire Elementalist)             Turns: 596, Time: 00:00:23

Health: -1/22      AC:  2    Str: 11    XL:     2   Next: 4%
Magic:  3/3        EV: 12    Int: 10    God:
Gold:   0          SH:  0    Dex:  9    Spells: 3/4 levels left

rFire   . . .      SeeInvis .     - Unarmed
rCold   + . .      Faith    .   (no shield)
rNeg    + + +      Spirit   .   a - +0 robe
rPois   inf        Reflect  .   (no helmet)
rElec   .          Harm     .   (no cloak)
rCorr   .          Rampage  .   (no gloves)
Will    .....                   (no boots)
Stlth   ++........              (no amulet)
HPRegen 0.00/turn               (no ring)
MPRegen 0.08/turn               (no ring)

@: inhibited regen
A: claws 1, cold resistance 1, negative energy resistance 3, inhibited
regeneration, torment resistance 2, devour on kill
a: no special abilities


You were on level 1 of the Dungeon.
You visited 1 branch of the dungeon, and saw 1 of its levels.


Innate Abilities, Weirdness & Mutations

You are immune to poison.
You have sharp fingernails.
Your flesh is cold resistant. (rC+)
You are immune to negative energy. (rN+++)
You do not regenerate when monsters are visible.
You are immune to unholy pain and torment.
You thrive by killing the living.


   Skills:
 + Level 0.7 Fighting
 - Level 1.7 Dodging
 - Level 2.1 Stealth
 - Level 1.4 Unarmed Combat
 - Level 1.7 Spellcasting
 - Level 0.7 Conjurations
 - Level 2.4 Fire Magic


You had 3 spell levels left.
You knew the following spells:

 Your Spells              Type           Power      Damage    Failure   Level
a - Foxfire               Conj/Fire      16%        2x1d4     17%         1

Your spell library contained the following spells:

 Spells                   Type           Power      Damage    Failure   Level
 Scorch                   Fire           10%        2d5       19%         2
 Conjure Flame            Conj/Fire      4%         6-21      45%         3
 Inner Flame              Hex/Fire       3%         N/A       52%         3
 Flame Wave               Conj/Fire      4%         2d5       86%         4

Inventory:

Armour
 a - a +0 robe (worn)
Potions
 b - a potion of magic
 c - a potion of lignification {unknown}

Dungeon Overview and Level Annotations

Branches:
Dungeon (1/15)

Altars:


Message History

The frilled lizard attacks as you move away!
The frilled lizard bites you.
582 ||| Stepping ~*~*~tactically~*~*~ (outnumbered).
The frilled lizard attacks as you move away!
The frilled lizard bites you.
583 ||| Stepping ~*~*~tactically~*~*~ (outnumbered).
584 ||| Stepping ~*~*~tactically~*~*~ (outnumbered).
585 ||| Stepping ~*~*~tactically~*~*~ (outnumbered).
The kobold attacks as you move away!
The kobold hits you with a +0 short sword.
586 ||| Stepping ~*~*~tactically~*~*~ (outnumbered).
The frilled lizard attacks as you move away!
The frilled lizard closely misses you.
587 ||| Stepping ~*~*~tactically~*~*~ (outnumbered).
The frilled lizard attacks as you move away!
The frilled lizard bites you but does no damage.
You miss the kobold. The frilled lizard barely misses you.
The kobold misses you.
You closely miss the kobold. The kobold closely misses you.
The frilled lizard bites you.
You closely miss the kobold.
The kobold hits you with a +0 short sword.
The frilled lizard misses you.
You barely miss the kobold. The frilled lizard bites you.
The kobold misses you.
You closely miss the kobold. The frilled lizard bites you.
The kobold hits you with a +0 short sword.
You barely miss the kobold.
The frilled lizard bites you but does no damage.
The kobold hits you but does no damage.
You miss the kobold.
The kobold hits you with a +0 short sword.
The frilled lizard bites you but does no damage.
You closely miss the kobold. The frilled lizard barely misses you.
The kobold barely misses you.
You scratch the kobold.
The kobold is severely wounded.
The kobold hits you with a +0 short sword.
You die...

#............... +#+ #.
#...............
......#.##................
......#.#.......###.......
......#.#.......####...##.
......#.#.......#<# ...##.
........#r......#.# ####.
........#Kl.###.#.# #.
........'@......#.# #.
.......%#########.#######%
#.#+....#.................
+###...#######.#######.
...............#.#.......
#........#####.#.#.##...#
...............#.#....#.#
............####.##...#..
............# 8(8#.#.#..


You could see a kobold, a frilled lizard and a rat.

Vanquished Creatures
  A dart slug (D:1)
  An endoplasm (D:1)
  A giant cockroach (D:1)
  A quokka (D:1)
  A bat (D:1)
5 creatures vanquished.

Notes
Turn   | Place    | Note
-------+----------+-------------------------------------------
     0 | D:1      | qw the Ghoul Fire Elementalist began the quest for the Orb.
     0 | D:1      | Reached XP level 1. HP: 14/14 MP: 2/2
     0 | D:1      | 0 ||| qw: Version: 0.1-a-90-g952f4b7
     0 | D:1      | 0 ||| qw: Game counter: 3785
     0 | D:1      | 0 ||| qw: Always use a shield: true
     0 | D:1      | 0 ||| qw: God list: Okawaru
     0 | D:1      | 0 ||| qw: Allow faded altars: false
     0 | D:1      | 0 ||| qw: Do Orc after D:15 true
     0 | D:1      | 0 ||| qw: Do second Lair branch before Depths: true
     0 | D:1      | 0 ||| qw: Lair rune preference: random
     0 | D:1      | 0 ||| qw: Plans: Normal
     0 | D:1      | 0 ||| PLANNING D:1-11
    64 | D:1      | 64 ||| Stepping ~*~*~tactically~*~*~ (hiding).
   185 | D:1      | HP: 1/14 [quokka (4)]
   504 | D:1      | Reached skill level 1 in Unarmed Combat
   550 | D:1      | Reached XP level 2. HP: 22/22 MP: 3/3
   580 | D:1      | 580 ||| Stepping ~*~*~tactically~*~*~ (outnumbered).
   581 | D:1      | 581 ||| Stepping ~*~*~tactically~*~*~ (outnumbered).
   582 | D:1      | 582 ||| Stepping ~*~*~tactically~*~*~ (outnumbered).
   583 | D:1      | 583 ||| Stepping ~*~*~tactically~*~*~ (outnumbered).
   584 | D:1      | 584 ||| Stepping ~*~*~tactically~*~*~ (outnumbered).
   585 | D:1      | 585 ||| Stepping ~*~*~tactically~*~*~ (outnumbered).
   586 | D:1      | 586 ||| Stepping ~*~*~tactically~*~*~ (outnumbered).
   587 | D:1      | 587 ||| Stepping ~*~*~tactically~*~*~ (outnumbered).
   594 | D:1      | HP: 3/22 [kobold/+0 short sword (4)]
   596 | D:1      | Slain by a kobold

Levels and vault maps discovered:
D:1:      lemuel_arrival_cross, layout_basic,
          shapermc_ecumenical_altar_flowoftime, minmay_surrounded

Skill      XL: |  1 |
---------------+----+-----
Unarmed Combat | 1 |  1.4
Fighting       | |  0.7
Dodging        | |  1.7
Stealth        | |  2.1
Spellcasting   | |  1.7
Conjurations   | |  0.7
Fire Magic     | |  2.4

Action                   || total
-------------------------++-------
Melee: Unarmed           ||    42
       Punch             ||     1
 Stab: Sleeping          ||     1
Armor: Robe              ||    14
Dodge: Dodged            ||    23

Table legend:
 A = Non-vault XP
 B = Vault XP
 C = Vault XP percentage of total XP
 D = Non-vault monster count
 E = Vault monster count
 F = Vault count percentage of total count
                 A         B        C        D         E       F
            +---------+---------+-------+---------+---------+-------
      Total |       9 |       2 |  18.2 |       4 |       1 |  20.0
            +---------+---------+-------+---------+---------+-------
        D:1 |       9 |       2 |  18.2 |       4 |       1 |  20.0
            +---------+---------+-------+---------+---------+-------
